 Dungeon Sprint DCSS version 0.27-a0-695-gb4952372f7 (webtiles) character file.

Game seed: 1152258887893517322

87 mhtbhm the Shield-Bearer (level 4, -1/39 HPs)
             Began as a Formicid Fighter on Mar 21, 2021.
             Was an Elder of Trog.
             Slain by an ogre
             ... wielding a +0 giant spiked club
              (15 damage)
             ... in the Dungeon (Sprint VII: "The Pits").
             The game lasted 00:01:02 (466 turns).

mhtbhm the Shield-Bearer (Formicid Fighter)          Turns: 466, Time: 00:01:03

Health: -1/39      AC: 14    Str: 21    XL:     4   Next: 80%
Magic:  4/4        EV:  5    Int:  8    God:    Trog [****..]
Gold:   0          SH: 10    Dex: 10    Spells: 3/3 levels left

rFire    . . .     SeeInvis +   a - +1 hand axe (vorpal)
rCold    . . .     Faith    .   c - +0 kite shield
rNeg     . . .     Spirit   .   b - +2 plate armour
rPois    .         Reflect  .   (helmet unavailable)
rElec    .         Harm     .   (no cloak)
rCorr    .         Rampage  .   (no gloves)
Will     .....                  (no boots)
Stlth    ..........             (no amulet)
HPRegen  0.13/turn              (no ring)
MPRegen  0.09/turn              (no ring)

@: no status effects
A: permanent stasis, dig shafts and tunnels, antennae 3, four strong arms
a: Dig, Renounce Religion, Trog's Hand, Brothers in Arms


You were in the Dungeon.
You worshipped Trog.
Trog was greatly pleased with you.
You visited 1 branch

Inventory:

Hand Weapons
 a - a +1 vorpal hand axe (weapon)
Armour
 b - a +2 plate armour (worn)
 c - a +0 kite shield (worn)
Scrolls
 i - a scroll of summoning
Potions
 d - a potion of might
 e - 5 potions of curing
 f - 3 potions of heal wounds
 g - 4 potions of magic
 h - 2 potions of invisibility


   Skills:
 + Level 5.4 Fighting
 + Level 4.3 Axes
 + Level 5.5 Armour
 + Level 0.3 Dodging
 + Level 6.8 Shields


You had 3 spell levels left.
You didn't know any spells.
Your spell library was empty.

Dungeon Overview and Level Annotations

Branches:
Dungeon (1/1)

Altars:
Cheibriados
Dithmenos
Elyvilon
Fedhas
Gozag
Hepliaklqana
Makhleb
Nemelex Xobeh
Okawaru
Qazlal
Ru
Sif Muna
Trog
Vehumet
Wu Jian
Xom
Yredelemnul
Zin
The Shining One
Beogh
Jiyva
Lugonu

Annotations:
D Jessica


Innate Abilities, Weirdness & Mutations

You cannot be hasted, slowed, berserked, paralysed or teleported.
You can dig through walls and to a lower floor.
You have a pair of large antennae on your head. (SInv)
Your four strong arms can wield two-handed weapons with a shield.


Message History

You are too injured to fight recklessly!
You are too injured to fight recklessly!
You are too injured to fight recklessly!
You barely miss the ogre.
The ogre is lightly wounded.
You block the ogre's attack.
The ogre hits you with a +0 giant spiked club!
* * * LOW HITPOINT WARNING * * *
You feel much better. The ogre hits you but does no damage.
You hit the ogre.
The ogre is moderately wounded.
The ogre hits you with a +0 giant spiked club.
You barely miss the ogre.
The ogre is moderately wounded.
The ogre barely misses you.
You feel much better. The ogre barely misses you.
You hit the ogre.
The ogre is moderately wounded.
You block the ogre's attack.
You hit the ogre.
The ogre is heavily wounded.
Jessica the Apprentice Sorceress comes into view.
She is wielding a +0 club.
The ogre hits you with a +0 giant spiked club.
Jessica shouts!
You hit the ogre.
The ogre is almost dead.
The ogre hits you with a +0 giant spiked club!!
Jessica mumbles some strange words.
Jessica seems to speed up.
Your plate armour prevents you from hitting the ogre.
The ogre is almost dead.
You block the ogre's attack.
A black bear comes into view.
The ogre hits you but does no damage.
The black bear growls angrily.
You hit the ogre.
The ogre is almost dead.
You hear an angry hiss.
The ogre hits you with a +0 giant spiked club!
You die...

#.....÷....)'.....
#'#####÷#####.....
#.#.[#.....##.....
#.#[)#####÷#####'#
#.#))#.....##.....
#.#))#.).†.##.....
#.#..###[####.....
#.##'#.....##...<.
#@#........##.....
#O#........##.....
#g###########.....
#h@ { {{ ######
#h.. { ##.#. { {
.... .# #. .h g.


You could see a black bear, an ogre, Jessica (fast), a jackal and a goblin.

Vanquished Creatures
  An orc wizard (D)
  2 worker ants (D)
  2 orcs (D)
  A ball python (D)
  A goblin (D)
  7 jackals (D)
  2 rats (D)
16 creatures vanquished.

Notes
Turn   | Place    | Note
-------+----------+-------------------------------------------
     0 | D        | mhtbhm the Formicid Fighter began the quest for the Orb.
     0 | D        | Reached XP level 1. HP: 18/18 MP: 1/1
    24 | D        | Found a bloodstained altar of Trog.
    24 | D        | Found a shimmering blue altar of Sif Muna.
    24 | D        | Found a viscous altar of Jiyva.
    24 | D        | Found a hazy altar of Hepliaklqana.
    24 | D        | Found an opulent altar of Gozag.
    25 | D        | Found a glowing golden altar of the Shining One.
    25 | D        | Found a glowing silver altar of Zin.
    25 | D        | Found a basalt altar of Yredelemnul.
    25 | D        | Found a shimmering altar of Xom.
    25 | D        | Found an ornate altar of the Wu Jian Council.
    25 | D        | Found a sacrificial altar of Ru.
    25 | D        | Found a stormy altar of Qazlal.
    25 | D        | Found an iron altar of Okawaru.
    25 | D        | Found a sparkling altar of Nemelex Xobeh.
    25 | D        | Found a burning altar of Makhleb.
    25 | D        | Found a blossoming altar of Fedhas.
    25 | D        | Found a white marble altar of Elyvilon.
    25 | D        | Found a shadowy altar of Dithmenos.
    25 | D        | Found a snail-covered altar of Cheibriados.
    27 | D        | Found a radiant altar of Vehumet.
    27 | D        | Found a corrupted altar of Lugonu.
    29 | D        | Became a worshipper of Trog the Wrathful
    67 | D        | Reached skill level 4 in Shields
    72 | D        | Reached * piety under Trog
    74 | D        | Reached XP level 2. HP: 21/25 MP: 2/2
   115 | D        | Reached ** piety under Trog
   231 | D        | Reached skill level 5 in Shields
   231 | D        | Reached XP level 3. HP: 16/31 MP: 3/3
   234 | D        | Reached *** piety under Trog
   235 | D        | Reached skill level 5 in Fighting
   235 | D        | Reached skill level 5 in Armour
   235 | D        | Reached skill level 6 in Shields
   235 | D        | Reached XP level 4. HP: 11/39 MP: 4/4
   446 | D        | Noticed an ogre
   451 | D        | Reached **** piety under Trog
   463 | D        | Noticed Jessica
   465 | D        | Noticed a black bear
   466 | D        | Slain by an ogre

Illustrated notes

Levels and vault maps discovered:
D:        pitsprint [storerooms_1, entrance_room_1, metal_vault_6, armoury_3,
          mini_pit_1, grid_room_1, main_hall_1, silver_pit, the_coven_1,
          the_vestibule_1, steel_vault_5, golden_pit, hallway_of_sentries,
          crystal_vault_5, iron_vault_1, final_vault]

Skill      XL: |  1  2  3  4 |
---------------+-------------+-----
Shields        | 4 5 6 |  6.8
Fighting       | 4 5 |  5.4
Armour         | 4 5 |  5.5
Axes           | 3 4 |  4.3
Dodging        | |  0.3

Action                   |  1- 3 |  4- 6 || total
-------------------------+-------+-------++-------
Melee: Hand axe          |    23 |    23 ||    46
       War axe           |     3 |       ||     3
  Use: Potion            |     1 |     3 ||     4
Armor: Scale mail        |    12 |     1 ||    13
       Plate armour      |       |     6 ||     6
Dodge: Dodged            |     8 |     5 ||    13
Block: Kite shield       |    20 |     9 ||    29

Table legend: (Time is in decaauts)
 A = Elapsed time spent in this place.
 B = Non-inter-level travel time spent in this place.
 C = Inter-level travel time spent in this place.
 D = Time resting spent in this place.
 E = Time spent auto-exploring this place.
 F = Levels seen in this place.
 G = Mean time per level.
                   A        B        C        D        E       F      G
               +--------+--------+--------+--------+--------+-----+--------+
         Total |    477 |    477 |      0 |    135 |    167 |   1 |  477.0 |
       Dungeon |    477 |    477 |      0 |    135 |    167 |   1 |  477.0 |
               +--------+--------+--------+--------+--------+-----+--------+

Top non-repeatable levels by time:
       D: 477 daAuts
